AoeStats
← zack

Arena

513778081Analyzed
2v2 RM · 1mo ago on Oct 15, 2026· 52m 19s· 4 players
Game mode
Random Map
Map size
Medium (4 player)
Population
200
Speed
Normal
Resources
Standard
Victory
Conquest
Starting age
Dark Age
Ending age
Imperial Age
RankedLock teamsTeams togetherTeam positionsShared explorationLock speedFull tech treeHidden civsTurbo modeCheats
Victory
Defeat
🇨🇳 Saxons · China
1156
+16
🇨🇳 Persians · China
1115
+17
vs
🇲🇽 Cumans · Mexico
1307
-23
🇷🇺 Spanish · Russia
985
-10
zack
10:35 Feudal Age
11:08 Double-Bit Axe
15:25 Castle Age
13:32 Horse Collar
17:42 Bow Saw
19:03 Heavy Plow
21:54 Scale Mail Armor
22:51 Stone Mining
23:37 Gold Mining
27:33 Gold Shaft Mining
26:47 Treadmill Crane
27:41 Squires
30:19 Imperial Age
28:31 Wheelbarrow
27:44 Town Watch
28:11 Scale Barding Armor
28:30 Chain Mail Armor
27:42 Pikeman
28:53 Loom
29:48 Forging
29:55 Fortified Wall
31:22 Iron Casting
31:23 Hand Cart
32:14 Two-Man Saw
31:55 Crop Rotation
31:45 Shield Wall
33:08 Plate Mail Armor
33:49 Conscription
33:23 Elite Hearth Troop
33:49 Elite Varangian Guard
43:31 Padded Archer Armor
43:21 Fletching
45:30 Elite Skirmisher
47:00 Leather Archer Armor
46:41 Bodkin Arrow
51:36 Ring Archer Armor
51:07 Bracer
51:32 Ballistics
52:15 Chemistry
Longlonglong
11:15 Feudal Age
15:00 Castle Age
12:53 Double-Bit Axe
22:30 Horse Collar
25:12 Wheelbarrow
26:03 Gold Mining
28:40 Scale Barding Armor
28:45 Forging
29:24 Gold Shaft Mining
28:43 Stone Mining
31:43 Imperial Age
30:53 Husbandry
31:03 Bloodlines
32:03 Chain Barding Armor
31:44 Cavalier
33:31 Stone Shaft Mining
33:13 Hand Cart
33:00 Heavy Plow
33:12 Bow Saw
33:44 Plate Barding Armor
33:44 Iron Casting
34:57 Loom
35:42 Conscription
35:14 Savar
40:23 Chemistry
39:20 Light Cavalry
41:59 Blast Furnace
41:48 Coinage
43:02 Banking
luislm6621
5:46 Loom
8:37 Feudal Age
9:55 Double-Bit Axe
11:52 Town Watch
14:20 Wheelbarrow
20:00 Castle Age
18:17 Horse Collar
27:37 Imperial Age
25:40 Heavy Plow
25:52 Bow Saw
26:58 Fletching
28:16 Bodkin Arrow
31:00 Conscription
30:41 Pikeman
X-you
0:33 Loom
10:45 Feudal Age
12:01 Double-Bit Axe
12:00 Horse Collar
13:08 Wheelbarrow
12:21 Loom
19:41 Castle Age
18:41 Bloodlines
21:05 Bow Saw
20:57 Heavy Plow
21:17 Husbandry
22:33 Hand Cart
29:54 Imperial Age
28:48 Ballistics
30:18 Murder Holes
31:37 Chemistry
30:41 Padded Archer Armor
30:31 Fletching
33:44 Leather Archer Armor
33:25 Bodkin Arrow
34:23 Conscription
35:53 Ring Archer Armor
35:23 Bracer
37:22 Block Printing
39:30 Elite Skirmisher
41:25 Two-Man Saw
43:49 Pikeman
44:30 Squires
44:33 Scale Mail Armor
44:44 Forging
45:09 Halberdier
46:08 Chain Mail Armor
Connection lost

Rejoining the realm…

Still unreachable

The connection could not be restored.

Session expired

The server has moved on; the page needs a fresh start.